 Dungeon Crawl Stone Soup version 0.29.0-4-gdea44cf6ec (webtiles) character file.

Game seed: 17604885555961005152

28421 qw the Cleaver (level 13, -9/84 HPs)
             Began as a Gargoyle Berserker on Sept 4, 2022.
             Was an Elder of Trog.
             Engulfed by a cloud of steam (13 damage)
             ... on level 4 of the Lair of Beasts.
             The game lasted 00:05:39 (17438 turns).

qw the Cleaver (Gargoyle Berserker)                Turns: 17438, Time: 00:05:39

Health: -9/84      AC: 36    Str: 30    XL:     13   Next: 38%
Magic:  13/13      EV:  8    Int:  7    God:    Trog [****..]
Gold:   853        SH: 11    Dex: 12    Spells: 12/12 levels left

rFire   . . .      SeeInvis +   r - +2 broad axe (protect)
rCold   . . .      Faith    .   c - +0 kite shield
rNeg    + . .      Spirit   .   h - +0 plate armour
rPois   inf        Reflect  .   j - +0 helmet
rElec   +          Harm     .   (no cloak)
rCorr   .          Rampage  .   f - +0 pair of gloves
Will    .....                   q - +1 pair of boots
Stlth   ..........              (no amulet)
HPRegen 0.24/turn               n - ring of see invisible
MPRegen 0.13/turn               e - ring of Puoneus {rPois Str+3 Dex+3}

@: about to teleport, under a protective aura, on berserk cooldown, slowed, very
slow
A: sickness immunity, AC +9, negative energy resistance 1, electricity
resistance, torment resistance 1, petrification resistance
a: Renounce Religion, Berserk, Trog's Hand, Brothers in Arms


You were on level 4 of the Lair of Beasts.
You worshipped Trog.
Trog was greatly pleased with you.
You visited 2 branches of the dungeon, and saw 15 of its levels.

You collected 961 gold pieces.
You spent 108 gold pieces at shops.


Innate Abilities, Weirdness & Mutations

You are immune to sickness and miasma.
Your stone body is resilient. (AC +9)
You are immune to poison.
You resist negative energy. (rN+)
You are resistant to electric shocks. (rElec)
You are resistant to unholy torment.
You are immune to petrification.


   Skills:
 - Level 11.0 Fighting
 - Level 14.0 Axes
 - Level 1.1 Throwing
 + Level 9.5 Armour
 - Level 3.1 Dodging
 - Level 11.5 Shields


You had 12 spell levels left.
You didn't know any spells.
Your spell library was empty.

Inventory:

Hand Weapons
 p - a +0 morningstar
 r - a +2 broad axe of protection (weapon)
Armour
 c - a +0 kite shield (worn)
 f - a +0 pair of gloves (worn)
 h - a +0 plate armour (worn)
 j - a +0 helmet (worn)
 q - a +1 pair of boots (worn)
Jewellery
 e - the ring of Puoneus (right hand) {rPois Str+3 Dex+3}
   (You found it on level 10 of the Dungeon)

   [ring of poison resistance]

   Str:       It affects your strength (+3).
   Dex:       It affects your dexterity (+3).
   rPois:     It protects you from poison.
 n - a ring of see invisible (left hand)
 o - a ring of protection from fire
Scrolls
 a - 4 scrolls of teleportation
 k - 9 scrolls of identify
Potions
 b - 2 potions of might
 d - 3 potions of cancellation
 g - 5 potions of curing

Dungeon Overview and Level Annotations

Branches:
Dungeon (11/15)            Temple (0/1) D:5            Lair (4/5) D:11
  Swamp (0/4) Lair:2       Spider (0/4) Lair:3          Orc (0/2) D:11
  Slime: Lair:4-5

Altars:
Elyvilon
Ru
Sif Muna
Trog
Vehumet
Zin

Shops:
D:4 [

Annotations:
D:8 2 transporters, qw's ghost, novice TrCA


Message History

The blink frog is engulfed in a cloud of scalding steam.
The blink frog hits you but does no damage.
The blink frog barely misses you.
The blink frog is engulfed in a cloud of scalding steam.
The blink frog hits you but does no damage.
You slice the blink frog!!
You kill the blink frog!
Trog accepts your kill.
You hit the steam dragon. You hit the blink frog.
You closely miss the blink frog.
The blink frog blinks! x2
The steam dragon bites you but does no damage.
You block the steam dragon's attack. x2
The steam dragon claws you but does no damage.
You slash the steam dragon!
The steam dragon is severely wounded.
The blink frog blinks! x2
The steam dragon breathes steam at you. The ball of steam hits you!
The blink frog blinks!
17436 ||| READING 5 scrolls of teleportation.
As you read the scroll of teleportation, it crumbles to dust.
You feel strangely unstable.
You are engulfed in a cloud of scalding steam.
The steam dragon bites you but does no damage.
You block the steam dragon's attack. x2; The steam dragon misses you.
The blink frog hits you!
You hit the blink frog.
The blink frog is severely wounded.
You slash the steam dragon!
You kill the steam dragon!
Trog accepts your kill.
The steam dragon scales are intact enough to wear.
You are engulfed in a cloud of scalding steam.
The blink frog hits you but does no damage.
The blink frog blinks!
You miss the blink frog.
The blink frog is moderately wounded.
You slash the blink frog!
You are engulfed in a cloud of scalding steam.
You die...

....# ......
..#FP####......
.....#.#.¤......
#......#¤.¤.....
##.......¤........
.#........¤.¤.......
.......F............
......¤@.#..........
...P..F%##..........
...P......#.........
>...................
....................
....###P....<.......
..## ##............
.. #...........#
#............


You could see 3 blink frogs.

Vanquished Creatures
  Gastronok (Lair:3)
  3 hydras
  A boulder beetle (Lair:3)
  2 two-headed ogres
  Erica (Lair:2)
  2 manticores
  An elephant (Lair:3)
  A black mamba (Lair:1)
  5 cane toads
  A rime drake (Lair:2)
  9 komodo dragons
  A queen bee (Lair:3)
  A hornet (D:10)
  6 meliai (Lair:3)
  10 blink frogs
  Sigmund (D:6)
  Eustachio (D:6)
  13 yaks
  A wraith (D:10)
  8 wyverns
  2 steam dragons
  6 basilisks
  5 vampire mosquitoes
  An acid dragon (D:11)
  10 water moccasins
  3 ice beasts
  5 black bears
  3 orc warriors
  A sky beast (D:7)
  6 wolves
  A centaur (D:10)
  2 ogres (D:5)
  A phantom (D:5)
  A kobold brigand (D:7)
  17 bullfrogs
  A scorpion (D:6)
  2 gnoll sergeants
  2 necrophages (D:7)
  3 wights (D:7)
  68 killer bees
  4 howler monkeys
  4 hounds
  3 orc priests
  5 jellies
  6 orc wizards
  3 iguanas
  7 hell rats (Lair:3)
  9 gnolls
  11 adders
  2 shadow imps
  An ufetubus (D:7)
  3 worms
  4 dart slugs
  39 orcs
  10 endoplasms
  4 giant cockroaches
  6 goblins
  4 hobgoblins
  A quokka (D:2)
  4 ball pythons
  6 bats
  2 frilled lizards (D:2)
  12 kobolds
  2 rats
361 creatures vanquished.

Vanquished Creatures (collateral kills)
  2 water moccasins (Lair:3)
2 creatures vanquished.

Vanquished Creatures (others)
  An orc zombie (D:8)
  8 fungi
  6 plants
15 creatures vanquished.

Grand Total: 378 creatures vanquished

Notes
Turn   | Place    | Note
-------+----------+-------------------------------------------
     0 | D:1      | qw the Gargoyle Berserker began the quest for the Orb.
     0 | D:1      | Reached XP level 1. HP: 14/14 MP: 1/1
     0 | D:1      | 0 ||| qw: Version: 0.1-a-103-gd6f5d3a
     0 | D:1      | 0 ||| qw: Game counter: 5686
     0 | D:1      | 0 ||| qw: Always use a shield: true
     0 | D:1      | 0 ||| qw: Do Orc after D:15 true
     0 | D:1      | 0 ||| qw: Do second Lair branch before Depths: true
     0 | D:1      | 0 ||| qw: Lair rune preference: random
     0 | D:1      | 0 ||| qw: Plans: Normal
     0 | D:1      | 0 ||| PLANNING D:1-11
   167 | D:1      | 167 ||| INVOKING Berserk.
   466 | D:1      | Reached skill level 3 in Axes
   695 | D:1      | Reached XP level 2. HP: 19/19 MP: 2/2
   846 | D:1      | 846 ||| DROPPING +0 club.
  1226 | D:1      | 1226 ||| UPGRADING to +0 chain mail.
  1236 | D:1      | 1236 ||| DROPPING +0 animal skin.
  1237 | D:1      | 1237 ||| READING scroll labelled XEAFAS MER JIF.
  1238 | D:1      | 1238 ||| READING scroll labelled NEXZUMP DITS.
  1239 | D:1      | 1239 ||| READING scroll labelled GEJUOR XYWK.
  1316 | D:2      | Reached XP level 3. HP: 23/23 MP: 3/3
  1335 | D:2      | 1335 ||| Stepping ~*~*~tactically~*~*~ (hiding).
  1629 | D:2      | 1629 ||| FLEEEEING.
  1630 | D:2      | 1630 ||| FLEEEEING.
  1715 | D:2      | Reached skill level 4 in Axes
  1721 | D:2      | 1721 ||| INVOKING Berserk.
  1879 | D:2      | Found a faded altar of an unknown god.
  2021 | D:2      | 2021 ||| READING 2 scrolls labelled TAD WUEMUR.
  2022 | D:2      | 2022 ||| FLEEEEING.
  2023 | D:2      | 2023 ||| FLEEEEING.
  2059 | D:2      | 2059 ||| Stepping ~*~*~tactically~*~*~ (hiding).
  2195 | D:2      | 2195 ||| READING scroll labelled PYFE ZOOGIAFYO.
  2296 | D:2      | 2296 ||| READING scroll labelled ODOUHE SIHE.
  2297 | D:2      | 2297 ||| READING scroll labelled JAUWUV BUEGEYTO.
  2298 | D:2      | 2298 ||| DRINKING 2 amethyst potions.
  2299 | D:2      | 2299 ||| DRINKING 2 murky white potions.
  2300 | D:2      | 2300 ||| DRINKING 2 ruby potions.
  2401 | D:2      | 2401 ||| DROPPING potion of ambrosia.
  2575 | D:3      | Reached XP level 4. HP: 28/28 MP: 4/4
  2666 | D:3      | 2666 ||| Stepping ~*~*~tactically~*~*~ (stealth).
  2748 | D:3      | 2748 ||| Stepping ~*~*~tactically~*~*~ (stealth).
  2843 | D:3      | 2843 ||| DROPPING +0 whip.
  3134 | D:3      | 3134 ||| READING scroll of enchant weapon.
  3134 | D:3      | 3134 ||| ENCHANTING +1 hand axe of venom.
  3350 | D:3      | 3350 ||| Stepping ~*~*~tactically~*~*~ (stealth).
  3351 | D:3      | 3351 ||| Stepping ~*~*~tactically~*~*~ (stealth).
  3405 | D:3      | 3405 ||| READING scroll labelled RACIONT QAERISS.
  3406 | D:3      | 3406 ||| READING 5 scrolls of identify.
  3406 | D:3      | 3406 ||| IDENTIFYING fizzy emerald potion
  3407 | D:3      | 3407 ||| READING 4 scrolls of identify.
  3407 | D:3      | 3407 ||| IDENTIFYING clear potion
  3408 | D:3      | 3408 ||| READING 3 scrolls of identify.
  3408 | D:3      | 3408 ||| IDENTIFYING sedimented orange potion
  3409 | D:3      | 3409 ||| READING 2 scrolls of identify.
  3409 | D:3      | 3409 ||| IDENTIFYING fuming blue potion
  3410 | D:3      | 3410 ||| DROPPING potion of degeneration.
  3411 | D:3      | 3411 ||| DROPPING potion of attraction.
  3412 | D:3      | 3412 ||| DROPPING potion of brilliance.
  3413 | D:3      | 3413 ||| DROPPING potion of lignification.
  3543 | D:4      | 3543 ||| INVOKING Berserk.
  3550 | D:4      | 3550 ||| DRINKING 2 potions of curing.
  3550 | D:4      | 3550 ||| (to cure confusion)
  3553 | D:4      | Reached skill level 5 in Axes
  3553 | D:4      | Reached XP level 5. HP: 27/32 MP: 5/5
  3558 | D:4      | Reached ** piety under Trog
  3831 | D:4      | Found Lida Esu's Antique Armour Emporium.
  3847 | D:4      | 3847 ||| SHOPLISTING glowing plate armour (624 gold, have
                  | 228).
  3847 | D:4      | 3847 ||| BUYING kite shield (108 gold).
  3847 | D:4      | Bought a kite shield for 108 gold pieces
  4031 | D:4      | 4031 ||| UPGRADING to +0 kite shield.
  4036 | D:4      | 4036 ||| READING scroll labelled PIKOFO SEAH.
  4037 | D:4      | 4037 ||| READING scroll labelled FACZUC CISHRUO.
  4081 | D:5      | Entered Level 5 of the Dungeon
  4085 | D:5      | 4085 ||| INVOKING Berserk.
  4087 | D:5      | Reached skill level 1 in Shields
  4091 | D:5      | 4091 ||| STAIRDANCE
  4241 | D:5      | Reached XP level 6. HP: 38/38 MP: 6/6
  4244 | D:5      | Reached skill level 3 in Shields
  4244 | D:5      | Noticed an ice beast
  4248 | D:5      | 4248 ||| INVOKING Berserk.
  4255 | D:5      | Killed an ice beast
  4347 | D:5      | 4347 ||| FLEEEEING.
  4348 | D:5      | 4348 ||| FLEEEEING.
  4349 | D:5      | 4349 ||| FLEEEEING.
  4350 | D:5      | 4350 ||| FLEEEEING.
  4351 | D:5      | 4351 ||| FLEEEEING.
  4365 | D:5      | Reached XP level 7. HP: 34/42 MP: 7/7
  4451 | D:5      | Found a white marble altar of Elyvilon.
  4602 | D:5      | 4602 ||| Stepping ~*~*~tactically~*~*~ (stealth).
  4603 | D:5      | 4603 ||| Stepping ~*~*~tactically~*~*~ (stealth).
  4656 | D:5      | 4656 ||| INVOKING Berserk.
  4659 | D:5      | HP: 14/64 [ogre/+0 giant spiked club (27)]
  4661 | D:5      | HP: 2/64 [ogre/+0 giant spiked club (13)]
  5163 | D:5      | 5163 ||| INVOKING Berserk.
  5307 | D:5      | Found a staircase to the Ecumenical Temple.
  5313 | D:5      | 5313 ||| UPGRADING to +0 plate armour.
  5323 | D:5      | 5323 ||| DROPPING +0 chain mail.
  5324 | D:5      | 5324 ||| READING scroll labelled YMMOV VEFOOT.
  5325 | D:5      | 5325 ||| READING scroll labelled KEWIPE KULAWK.
  5365 | D:5      | 5365 ||| Stepping ~*~*~tactically~*~*~ (stealth).
  5399 | D:6      | 5399 ||| Stepping ~*~*~tactically~*~*~ (stealth).
  5400 | D:6      | 5400 ||| Stepping ~*~*~tactically~*~*~ (stealth).
  5402 | D:6      | 5402 ||| Stepping ~*~*~tactically~*~*~ (stealth).
  5412 | D:6      | Reached skill level 3 in Armour
  5418 | D:6      | 5418 ||| Stepping ~*~*~tactically~*~*~ (stealth).
  5428 | D:6      | Noticed Eustachio
  5430 | D:6      | 5430 ||| INVOKING Berserk.
  5434 | D:6      | Reached skill level 6 in Axes
  5435 | D:6      | Killed Eustachio
  5436 | D:6      | Reached skill level 6 in Shields
  5436 | D:6      | Reached XP level 8. HP: 48/48 MP: 8/8
  5462 | D:6      | 5462 ||| FLEEEEING.
  5463 | D:6      | 5463 ||| FLEEEEING.
  5464 | D:6      | 5464 ||| FLEEEEING.
  5465 | D:6      | 5465 ||| STAIRDANCE
  5596 | D:6      | 5596 ||| Stepping ~*~*~tactically~*~*~ (stealth).
  5597 | D:6      | 5597 ||| Stepping ~*~*~tactically~*~*~ (stealth).
  5599 | D:6      | 5599 ||| Stepping ~*~*~tactically~*~*~ (hiding).
  5620 | D:6      | 5620 ||| INVOKING Berserk.
  5661 | D:6      | Reached skill level 7 in Axes
  5769 | D:6      | 5769 ||| SWAPPING to +0 war axe.
  5770 | D:6      | 5770 ||| DROPPING +2 hand axe of venom.
  5932 | D:6      | 5932 ||| Stepping ~*~*~tactically~*~*~ (hiding).
  5934 | D:6      | 5934 ||| Stepping ~*~*~tactically~*~*~ (stealth).
  5937 | D:6      | 5937 ||| INVOKING Berserk.
  6085 | D:6      | Found a bloodstained altar of Trog.
  6088 | D:6      | Found a sacrificial altar of Ru.
  6090 | D:6      | Found a radiant altar of Vehumet.
  6335 | D:6      | Found a shimmering blue altar of Sif Muna.
  6340 | D:6      | Noticed Sigmund
  6341 | D:6      | 6341 ||| INVOKING Berserk.
  6346 | D:6      | Killed Sigmund
  6347 | D:6      | Reached skill level 6 in Fighting
  6590 | D:6      | 6590 ||| UPGRADING to ring of see invisible.
  6643 | D:7      | 6643 ||| Stepping ~*~*~tactically~*~*~ (hiding).
  6653 | D:7      | Reached skill level 1 in Throwing
  6653 | D:7      | Reached XP level 9. HP: 28/55 MP: 9/9
  6654 | D:7      | 6654 ||| INVOKING Berserk.
  6877 | D:7      | 6877 ||| DROPPING +0 flail.
  6892 | D:7      | 6892 ||| INVOKING Berserk.
  7018 | D:7      | 7018 ||| INVOKING Berserk.
  7148 | D:7      | 7148 ||| INVOKING Berserk.
  7318 | D:7      | 7318 ||| INVOKING Berserk.
  7330 | D:7      | Reached skill level 8 in Axes
  7886 | D:7      | Identified the +9 spear of Earthquakes {vamp, rN+ rCorr}
  7952 | D:7      | 7952 ||| READING scroll labelled SOXOKYSECO.
  8011 | D:7      | 8011 ||| READING 2 scrolls of identify.
  8011 | D:7      | 8011 ||| IDENTIFYING fizzy orange potion
  8082 | D:8      | 8082 ||| READING scroll of brand weapon.
  8082 | D:8      | 8082 ||| BRANDING +0 war axe.
  8098 | D:8      | Identified the +1 ring mail "Pitar" {Rampage rCorr Str+4
                  | Stlth-}
  8357 | D:8      | Reached *** piety under Trog
  8548 | D:8      | Noticed qw's ghost (novice TrCA)
  8557 | D:8      | Found a transporter.
  8578 | D:8      | 8578 ||| Stepping ~*~*~tactically~*~*~ (stealth).
  8580 | D:8      | 8580 ||| Stepping ~*~*~tactically~*~*~ (stealth).
  8583 | D:8      | Reached skill level 9 in Axes
  8590 | D:8      | 8590 ||| Stepping ~*~*~tactically~*~*~ (hiding).
  8670 | D:8      | 8670 ||| INVOKING Berserk.
  8752 | D:8      | 8752 ||| Stepping ~*~*~tactically~*~*~ (hiding).
  8779 | D:8      | Found a transporter.
  8985 | D:8      | Found a glowing silver altar of Zin.
  9051 | D:8      | 9051 ||| UPGRADING to +0 pair of gloves.
  9056 | D:8      | 9056 ||| DRINKING 2 black potions.
  9057 | D:8      | 9057 ||| READING 3 scrolls of identify.
  9057 | D:8      | 9057 ||| IDENTIFYING bubbling inky potion
  9058 | D:8      | 9058 ||| READING 2 scrolls of identify.
  9058 | D:8      | 9058 ||| IDENTIFYING sedimented puce potion
  9059 | D:8      | 9059 ||| DROPPING potion of flight.
  9060 | D:8      | 9060 ||| DROPPING potion of invisibility.
  9123 | D:9      | Noticed a two-headed ogre
  9128 | D:9      | 9128 ||| INVOKING Berserk.
  9133 | D:9      | Killed a two-headed ogre
  9134 | D:9      | Reached XP level 10. HP: 64/64 MP: 10/10
  9358 | D:9      | 9358 ||| INVOKING Berserk.
  9654 | D:9      | 9654 ||| Stepping ~*~*~tactically~*~*~ (stealth).
  9657 | D:9      | 9657 ||| Stepping ~*~*~tactically~*~*~ (stealth).
  9666 | D:9      | Reached skill level 9 in Shields
  9667 | D:9      | 9667 ||| INVOKING Berserk.
 10035 | D:9      | 10035 ||| READING scroll labelled FOFANO ZOKEAR.
 10036 | D:9      | 10036 ||| READING 3 scrolls of identify.
 10036 | D:9      | 10036 ||| IDENTIFYING fizzy coppery potion
 10037 | D:9      | 10037 ||| DROPPING potion of berserk rage.
 10072 | D:10     | Entered Level 10 of the Dungeon
 10086 | D:10     | 10086 ||| Stepping ~*~*~tactically~*~*~ (stealth).
 10087 | D:10     | 10087 ||| Stepping ~*~*~tactically~*~*~ (stealth).
 10183 | D:10     | Identified the ring of Puoneus {rPois Str+3 Dex+3}
 10193 | D:10     | 10193 ||| Stepping ~*~*~tactically~*~*~ (hiding).
 10292 | D:10     | 10292 ||| FLEEEEING.
 10294 | D:10     | 10294 ||| FLEEEEING.
 10295 | D:10     | 10295 ||| FLEEEEING.
 10296 | D:10     | 10296 ||| FLEEEEING.
 10297 | D:10     | 10297 ||| FLEEEEING.
 10298 | D:10     | 10298 ||| FLEEEEING.
 10299 | D:10     | 10299 ||| FLEEEEING.
 10300 | D:10     | 10300 ||| FLEEEEING.
 10301 | D:10     | 10301 ||| FLEEEEING.
 10302 | D:10     | 10302 ||| FLEEEEING.
 10303 | D:10     | 10303 ||| FLEEEEING.
 10305 | D:10     | 10305 ||| FLEEEEING.
 10306 | D:10     | 10306 ||| FLEEEEING.
 10307 | D:10     | 10307 ||| FLEEEEING.
 10308 | D:10     | 10308 ||| FLEEEEING.
 10491 | D:10     | Noticed a two-headed ogre
 10493 | D:10     | 10493 ||| INVOKING Berserk.
 10498 | D:10     | Killed a two-headed ogre
 10499 | D:10     | Reached skill level 10 in Axes
 10593 | D:10     | 10593 ||| INVOKING Berserk.
 10822 | D:10     | Identified the +7 war axe of Purpose {freeze, +Blink Int+5}
 10824 | D:10     | 10824 ||| SWAPPING to +7 war axe of Purpose {freeze, +Blink
                  | Int+5}.
 10825 | D:10     | 10825 ||| DROPPING +0 war axe of chaos.
 10971 | D:10     | 10971 ||| UPGRADING to +0 helmet.
 10976 | D:10     | 10976 ||| UPGRADING to ring of Puoneus {rPois Str+3 Dex+3}.
 10977 | D:10     | 10977 ||| READING 7 scrolls of identify.
 10977 | D:10     | 10977 ||| IDENTIFYING murky brown potion
 10978 | D:10     | 10978 ||| DROPPING potion of magic.
 11009 | D:11     | 11009 ||| Stepping ~*~*~tactically~*~*~ (stealth).
 11016 | D:11     | Reached skill level 6 in Armour
 11031 | D:11     | 11031 ||| Stepping ~*~*~tactically~*~*~ (stealth).
 11033 | D:11     | 11033 ||| Stepping ~*~*~tactically~*~*~ (stealth).
 11043 | D:11     | 11043 ||| Stepping ~*~*~tactically~*~*~ (stealth).
 11052 | D:11     | Reached XP level 11. HP: 63/68 MP: 11/11
 11095 | D:11     | Noticed a manticore
 11096 | D:11     | 11096 ||| Stepping ~*~*~tactically~*~*~ (hiding).
 11101 | D:11     | 11101 ||| INVOKING Berserk.
 11105 | D:11     | Killed a manticore
 11134 | D:11     | 11134 ||| Stepping ~*~*~tactically~*~*~ (stealth).
 11159 | D:11     | 11159 ||| Stepping ~*~*~tactically~*~*~ (stealth).
 11160 | D:11     | 11160 ||| Stepping ~*~*~tactically~*~*~ (stealth).
 11250 | D:11     | Found a staircase to the Orcish Mines.
 11323 | D:11     | 11323 ||| Stepping ~*~*~tactically~*~*~ (hiding).
 11333 | D:11     | Reached **** piety under Trog
 11441 | D:11     | 11441 ||| Stepping ~*~*~tactically~*~*~ (stealth).
 11469 | D:11     | 11469 ||| Stepping ~*~*~tactically~*~*~ (stealth).
 11725 | D:11     | 11725 ||| Stepping ~*~*~tactically~*~*~ (stealth).
 11779 | D:11     | 11779 ||| INVOKING Berserk.
 11782 | D:11     | Reached skill level 11 in Axes
 11896 | D:11     | 11896 ||| Stepping ~*~*~tactically~*~*~ (hiding).
 12027 | D:11     | Found a staircase to the Lair.
 12102 | D:11     | 12102 ||| Stepping ~*~*~tactically~*~*~ (stealth).
 12122 | D:11     | 12122 ||| PLANNING LAIR
 12122 | D:11     | 12122 ||| DROPPING +6 ring of intelligence.
 12198 | Lair:1   | Entered Level 1 of the Lair of Beasts
 12206 | Lair:1   | 12206 ||| INVOKING Berserk.
 12275 | Lair:1   | 12275 ||| INVOKING Berserk.
 12651 | Lair:1   | 12651 ||| INVOKING Berserk.
 12733 | Lair:1   | 12733 ||| Stepping ~*~*~tactically~*~*~ (stealth).
 12734 | Lair:1   | 12734 ||| Stepping ~*~*~tactically~*~*~ (stealth).
 12735 | Lair:1   | 12735 ||| Stepping ~*~*~tactically~*~*~ (stealth).
 12748 | Lair:1   | Reached skill level 9 in Fighting
 12802 | Lair:1   | 12802 ||| Stepping ~*~*~tactically~*~*~ (stealth).
 12839 | Lair:1   | 12839 ||| INVOKING Berserk.
 13051 | Lair:1   | 13051 ||| Stepping ~*~*~tactically~*~*~ (stealth).
 13091 | Lair:1   | 13091 ||| INVOKING Berserk.
 13228 | Lair:1   | Found the +8 whip "Snakebite" {venom, curare, rPois}
 13238 | Lair:1   | Reached skill level 12 in Axes
 13310 | Lair:1   | 13310 ||| Stepping ~*~*~tactically~*~*~ (stealth).
 13311 | Lair:1   | 13311 ||| Stepping ~*~*~tactically~*~*~ (stealth).
 13313 | Lair:1   | 13313 ||| INVOKING Berserk.
 13316 | Lair:1   | Reached XP level 12. HP: 76/76 MP: 12/12
 13436 | Lair:1   | 13436 ||| Stepping ~*~*~tactically~*~*~ (stealth).
 13438 | Lair:1   | 13438 ||| INVOKING Berserk.
 13960 | Lair:2   | Noticed a five-headed hydra
 13961 | Lair:2   | 13961 ||| Stepping ~*~*~tactically~*~*~ (hiding).
 13962 | Lair:2   | 13962 ||| INVOKING Brothers in Arms.
 13965 | Lair:2   | 13965 ||| SWAPPING to +0 morningstar.
 13966 | Lair:2   | 13966 ||| INVOKING Berserk.
 13972 | Lair:2   | Killed a five-headed hydra
 13983 | Lair:2   | 13983 ||| SWAPPING to +7 war axe of Purpose {freeze, +Blink
                  | Int+5}.
 14144 | Lair:2   | 14144 ||| Stepping ~*~*~tactically~*~*~ (hiding).
 14148 | Lair:2   | 14148 ||| INVOKING Berserk.
 14156 | Lair:2   | Noticed Erica
 14158 | Lair:2   | 14158 ||| DRINKING 6 potions of curing.
 14158 | Lair:2   | 14158 ||| (to cure confusion)
 14160 | Lair:2   | 14160 ||| DRINKING 5 potions of curing.
 14160 | Lair:2   | 14160 ||| (to cure confusion)
 14169 | Lair:2   | HP: 18/77 [Erica/+4 scimitar of flaming (5)]
 14170 | Lair:2   | 14170 ||| READING 7 scrolls of teleportation.
 14171 | Lair:2   | 14171 ||| DRINKING 2 potions of heal wounds.
 14172 | Lair:2   | Killed Erica
 14332 | Lair:2   | 14332 ||| INVOKING Berserk.
 14467 | Lair:2   | 14467 ||| Stepping ~*~*~tactically~*~*~ (stealth).
 14498 | Lair:2   | 14498 ||| INVOKING Berserk.
 14654 | Lair:2   | 14654 ||| INVOKING Berserk.
 14756 | Lair:2   | 14756 ||| INVOKING Berserk.
 14982 | Lair:2   | 14982 ||| Stepping ~*~*~tactically~*~*~ (stealth).
 14983 | Lair:2   | 14983 ||| Stepping ~*~*~tactically~*~*~ (stealth).
 14991 | Lair:2   | 14991 ||| INVOKING Berserk.
 15184 | Lair:2   | Found a staircase to the Swamp.
 15431 | Lair:3   | Noticed a five-headed hydra
 15432 | Lair:3   | 15432 ||| INVOKING Brothers in Arms.
 15433 | Lair:3   | 15433 ||| INVOKING Berserk.
 15441 | Lair:3   | Reached skill level 13 in Axes
 15443 | Lair:3   | Killed a 12-headed hydra
 15693 | Lair:3   | Noticed a seven-headed hydra
 15699 | Lair:3   | 15699 ||| SWAPPING to +0 morningstar.
 15700 | Lair:3   | 15700 ||| INVOKING Berserk.
 15702 | Lair:3   | Noticed a boulder beetle
 15707 | Lair:3   | Killed a seven-headed hydra
 15708 | Lair:3   | Reached skill level 9 in Armour
 15711 | Lair:3   | 15711 ||| SWAPPING to +7 war axe of Purpose {freeze, +Blink
                  | Int+5}.
 15721 | Lair:3   | HP: 13/77 [boulder beetle (14)]
 15722 | Lair:3   | 15722 ||| READING 7 scrolls of teleportation.
 15723 | Lair:3   | 15723 ||| DRINKING 2 potions of heal wounds.
 15792 | Lair:3   | 15792 ||| FLEEEEING.
 15793 | Lair:3   | 15793 ||| FLEEEEING.
 15794 | Lair:3   | 15794 ||| FLEEEEING.
 15795 | Lair:3   | 15795 ||| FLEEEEING.
 15796 | Lair:3   | 15796 ||| STAIRDANCE
 15931 | Lair:3   | 15931 ||| INVOKING Berserk.
 15934 | Lair:3   | 15934 ||| STAIRDANCE
 15983 | Lair:3   | 15983 ||| INVOKING Berserk.
 15991 | Lair:3   | Killed a boulder beetle
 15992 | Lair:3   | Reached skill level 3 in Dodging
 16015 | Lair:3   | 16015 ||| Stepping ~*~*~tactically~*~*~ (stealth).
 16032 | Lair:3   | 16032 ||| INVOKING Berserk.
 16195 | Lair:3   | Found a hole to the Spider Nest.
 16386 | Lair:3   | 16386 ||| Stepping ~*~*~tactically~*~*~ (hiding).
 16387 | Lair:3   | 16387 ||| Stepping ~*~*~tactically~*~*~ (stealth).
 16392 | Lair:3   | 16392 ||| INVOKING Berserk.
 16397 | Lair:3   | Reached XP level 13. HP: 82/82 MP: 13/13
 16418 | Lair:3   | 16418 ||| Stepping ~*~*~tactically~*~*~ (stealth).
 16419 | Lair:3   | 16419 ||| Stepping ~*~*~tactically~*~*~ (stealth).
 16420 | Lair:3   | 16420 ||| Stepping ~*~*~tactically~*~*~ (stealth).
 16434 | Lair:3   | HP: 17/82 [queen bee (7)]
 16435 | Lair:3   | 16435 ||| READING 6 scrolls of teleportation.
 16436 | Lair:3   | 16436 ||| DRINKING potion of heal wounds.
 16450 | Lair:3   | Reached skill level 14 in Axes
 16450 | Lair:3   | 16450 ||| Stepping ~*~*~tactically~*~*~ (stealth).
 16456 | Lair:3   | 16456 ||| INVOKING Berserk.
 16487 | Lair:3   | 16487 ||| Stepping ~*~*~tactically~*~*~ (stealth).
 16490 | Lair:3   | 16490 ||| Stepping ~*~*~tactically~*~*~ (stealth).
 16501 | Lair:3   | 16501 ||| INVOKING Berserk.
 16540 | Lair:3   | 16540 ||| Stepping ~*~*~tactically~*~*~ (stealth).
 16541 | Lair:3   | 16541 ||| Stepping ~*~*~tactically~*~*~ (stealth).
 16543 | Lair:3   | 16543 ||| Stepping ~*~*~tactically~*~*~ (stealth).
 16574 | Lair:3   | 16574 ||| INVOKING Berserk.
 16628 | Lair:3   | Noticed Gastronok
 16629 | Lair:3   | 16629 ||| FLEEEEING.
 16722 | Lair:3   | 16722 ||| Stepping ~*~*~tactically~*~*~ (hiding).
 16723 | Lair:3   | 16723 ||| Stepping ~*~*~tactically~*~*~ (hiding).
 16728 | Lair:3   | 16728 ||| INVOKING Berserk.
 16738 | Lair:3   | Killed Gastronok
 16842 | Lair:3   | 16842 ||| Stepping ~*~*~tactically~*~*~ (stealth).
 16843 | Lair:3   | 16843 ||| INVOKING Berserk.
 16974 | Lair:3   | 16974 ||| INVOKING Berserk.
 17127 | Lair:3   | 17127 ||| Stepping ~*~*~tactically~*~*~ (hiding).
 17128 | Lair:3   | 17128 ||| Stepping ~*~*~tactically~*~*~ (hiding).
 17130 | Lair:3   | 17130 ||| INVOKING Berserk.
 17202 | Lair:3   | 17202 ||| Stepping ~*~*~tactically~*~*~ (stealth).
 17203 | Lair:3   | 17203 ||| Stepping ~*~*~tactically~*~*~ (stealth).
 17204 | Lair:3   | 17204 ||| Stepping ~*~*~tactically~*~*~ (stealth).
 17205 | Lair:3   | 17205 ||| INVOKING Berserk.
 17265 | Lair:3   | 17265 ||| SWAPPING to +0 broad axe.
 17266 | Lair:3   | 17266 ||| DROPPING +7 war axe of Purpose {freeze, +Blink
                  | Int+5}.
 17267 | Lair:3   | 17267 ||| READING scroll of brand weapon.
 17267 | Lair:3   | 17267 ||| BRANDING +0 broad axe.
 17268 | Lair:3   | 17268 ||| READING 2 scrolls of enchant weapon.
 17268 | Lair:3   | 17268 ||| ENCHANTING +0 broad axe of protection.
 17269 | Lair:3   | 17269 ||| READING scroll of enchant weapon.
 17269 | Lair:3   | 17269 ||| ENCHANTING +1 broad axe of protection.
 17375 | Lair:3   | 17375 ||| UPGRADING to +1 pair of boots.
 17414 | Lair:4   | 17414 ||| INVOKING Berserk.
 17435 | Lair:4   | HP: 14/84 [steam dragon/ball of steam (12)]
 17436 | Lair:4   | 17436 ||| READING 5 scrolls of teleportation.
 17436 | Lair:4   | HP: 4/84 [blink frog (10)]
 17438 | Lair:4   | Engulfed by a cloud of steam

Levels and vault maps discovered:
D:1:      reono_arrival_forest_river, layout_loops_ring, chequers_garden
D:2:      layout_rooms, shapermc_ecumenical_altar_rom_forum,
          kennysheep_generic_room_9
D:3:      layout_loops_ring
D:4:      layout_basic, serial_shops, nicolae_shop_competitors_out_of_business
D:5:      layout_rooms, elyvilon_altar_3, minmay_temple_entry_enclosed_plants
D:6:      layout_basic, kennysheep_mini_moat, grunt_temple_overflow_open,
          uniq_eustachio, uniq_sigmund
D:7:      layout_loops_ring, minmay_chambers_of_fives
D:8:      layout_loops_ring, zin_statuary, gammafunk_ghost_stat_death,
          roderic_serpentine_path
D:9:      layout_roguey, enter_bailey_2
D:10:     layout_roguey
D:11:     wad_woods_minihive, layout_rooms, erik_lair_dragon, orc_0_dummy
Lair:1:   minmay_guarded_unrand_snakebite, layout_cave_pods,
          infiniplex_staircase_pool
Lair:2:   layout_roguey, minmay_swamp_entry_swarm,
          eino_small_chamber_without_monster, uniq_erica
Lair:3:   regret_index_combs_of_tragedy, layout_cave_shapes,
          hellmonk_spider_entry_not_the_bees, chequers_serial_rivers_small_3,
          uniq_gastronok
Lair:4:   layout_hall_layers, slime_entry_1

Skill      XL: |  1  2  3  4  5  6  7  8  9 10 11 12 13 |
---------------+----------------------------------------+-----
Axes           | 3 4 5 6 7 9 10 12 13 14 | 14.0
Shields        | 2 5 6 7 8 9 10 11 | 11.5
Fighting       | 4 6 8 9 10 11 | 11.0
Armour         | 3 5 6 8 9 |  9.5
Throwing       | 1 |  1.1
Dodging        | 2 3 |  3.1

Action                   |  1- 3 |  4- 6 |  7- 9 | 10-12 | 13-15 || total
-------------------------+-------+-------+-------+-------+-------++-------
Melee: Hand axe          |   112 |   100 |    93 |       |       ||   305
       War axe           |       |       |   201 |   499 |    90 ||   790
       Morningstar       |       |       |       |    20 |       ||    20
       Broad axe         |       |       |       |       |    29 ||    29
Throw: Boomerang         |       |    31 |    46 |       |       ||    77
Invok: Berserk           |     2 |     3 |    13 |    26 |     9 ||    53
       Brothers in Arms  |       |       |       |     2 |       ||     2
  Use: Scroll            |     7 |     8 |     7 |     5 |     5 ||    32
       Potion            |     3 |     1 |     1 |     4 |     1 ||    10
 Stab: Confused          |       |       |       |     1 |       ||     1
       Paralysed         |       |       |       |     1 |       ||     1
Armor: Animal skin       |    13 |       |       |       |       ||    13
       Chain mail        |    35 |    52 |     6 |       |       ||    93
       Plate armour      |       |       |   134 |   314 |    95 ||   543
Dodge: Dodged            |    52 |    30 |    71 |   172 |    56 ||   381
Block: Kite shield       |       |     8 |   128 |   300 |   101 ||   537

Table legend:
 A = Non-vault XP
 B = Vault XP
 C = Vault XP percentage of total XP
 D = Non-vault monster count
 E = Vault monster count
 F = Vault count percentage of total count
                 A         B        C        D         E       F
            +---------+---------+-------+---------+---------+-------
      Total |   25375 |   15227 |  37.5 |     256 |     107 |  29.5
            +---------+---------+-------+---------+---------+-------
        D:1 |      26 |       0 |   0.0 |      16 |       0 |   0.0
        D:2 |      42 |       0 |   0.0 |      15 |       0 |   0.0
        D:3 |      75 |       0 |   0.0 |      22 |       0 |   0.0
        D:4 |      85 |       0 |   0.0 |      16 |       0 |   0.0
        D:5 |     721 |       0 |   0.0 |      14 |       0 |   0.0
        D:6 |     809 |     457 |  36.1 |      21 |       2 |   8.7
        D:7 |    1222 |     388 |  24.1 |      16 |       5 |  23.8
        D:8 |     810 |       0 |   0.0 |      26 |       0 |   0.0
        D:9 |    2246 |       0 |   0.0 |      20 |       0 |   0.0
       D:10 |    1980 |       0 |   0.0 |       9 |       0 |   0.0
       D:11 |     863 |    3078 |  78.1 |      13 |      37 |  74.0
     Lair:1 |    5978 |     796 |  11.8 |      26 |       5 |  16.1
     Lair:2 |    4654 |    1376 |  22.8 |      17 |       4 |  19.0
     Lair:3 |    4754 |    9132 |  65.8 |      19 |      54 |  74.0
     Lair:4 |    1110 |       0 |   0.0 |       6 |       0 |   0.0
            +---------+---------+-------+---------+---------+-------
